 Dungeon Crawl Stone Soup version 0.31-a0-431-g88bdf31460 (webtiles) character file.

Game seed: 2487161177427900794

1738 randomguy2701 the Cleaver (level 8, -11/70 HPs)
             Began as a Minotaur Fighter on July 31, 2023.
             Mangled by an orc warrior
             ... wielding a +0 battleaxe
              (14 damage)
             ... on level 6 of the Dungeon.
             The game lasted 00:04:37 (3911 turns).

randomguy2701 the Cleaver (Minotaur Fighter)        Turns: 3911, Time: 00:04:38

Health: -11/70     AC:  6    Str: 22    XL:     8   Next: 77%
Magic:  7/7        EV:  7    Int:  5    God:
Gold:   218        SH:  6    Dex: 17    Spells: 7/7 levels left

rFire   . . .        a - +0 war axe
rCold   . . .        c - +0 buckler
rNeg    . . .        t - +0 plate armour
rPois   .            r - +1 hat
rElec   .            (no cloak)
rCorr   .            (no gloves)
SInv    .            (no boots)
Will    .....        o - amulet of regeneration Stlth
                     u - +6 ring of dexterity
HPRegen 1.11/turn    w - ring of flight
MPRegen 0.10/turn

%: no passive effects
@: corroded, flying
A: horns 2, retaliatory headbutt
a: no special abilities


You were on level 6 of the Dungeon.
You visited 1 branch of the dungeon, and saw 6 of its levels.

You collected 218 gold pieces.

Inventory:

Hand Weapons
 a - a +0 war axe (weapon)
Armour
 c - a +0 buckler (worn)
 r - a +1 hat (worn)
 t - a +0 plate armour (worn)
Jewellery
 b - a ring of fire
 o - an amulet of regeneration (around neck)
 u - a +6 ring of dexterity (left hand)
 w - a ring of flight (right hand)
Wands
 p - a wand of quicksilver (9)
 y - a wand of flame (17)
Scrolls
 e - 2 scrolls of revelation {unknown}
 f - 2 scrolls of teleportation {unknown}
 j - 2 scrolls of poison {unknown}
 k - 3 scrolls of identify {unknown}
 q - a scroll of enchant weapon {unknown}
 s - 2 scrolls of immolation {unknown}
 v - a scroll of silence {unknown}
 x - a scroll of fog {unknown}
Potions
 d - a potion of might
 g - 3 potions of resistance {unknown}
 h - a potion of degeneration {unknown}
 i - a potion of mutation {unknown}
 l - a potion of attraction {unknown}
 m - a potion of heal wounds {unknown}
 n - a potion of magic {unknown}


   Skills:
 + Level 6.1 Fighting
 + Level 8.9 Axes
 + Level 7.5 Armour
 + Level 2.3 Dodging
 + Level 0.3 Stealth
 + Level 6.6 Shields


You had 7 spell levels left.
You didn't know any spells.
Your spell library contained the following spells:

 Spells                   Type           Power      Damage    Failure   Level
 Slow                     Hex            0%         N/A       100%        1
 Confusing Touch          Hex            0%         N/A       100%        3
 Vampiric Draining        Necr           0%         2d6       100%        3


Dungeon Overview and Level Annotations

Branches:
Dungeon (6/15)             Temple (0/1) D:5

Altars:
Dithmenos
Hepliaklqana
Kikubaaqudgha
Uskayaw


Innate Abilities, Weirdness & Mutations

You have a pair of horns on your head.
You reflexively headbutt those who attack you in melee.


Message History

There are monsters nearby!
There are monsters nearby!
You closely miss the orc warrior. You slash the orc!
You kill the orc!
The orc warrior hits you with a +0 battleaxe!
You completely miss the orc warrior.
The orc warrior hits you but does no damage.
You hit the orc warrior.
The orc warrior is lightly wounded.
You block the orc warrior's attack. x2
You closely miss the orc warrior.
The orc warrior is lightly wounded.
The orc warrior hits you with a +0 battleaxe!
You are too injured to fight recklessly!
You are too injured to fight recklessly!
You are too injured to fight recklessly!
An orc warrior is nearby!
You are too injured to fight recklessly!
The orc warrior attacks as you move away!
The orc warrior hits you with a +0 battleaxe.
You see here a scroll labelled FAUKKI BEEWN.
The ice beast hits you but does no damage.
The ice beast attacks as you move away!
The ice beast hits you but does no damage.
The orc warrior attacks as you move away!
The orc warrior hits you with a +0 battleaxe!
* * * LOW HITPOINT WARNING * * *
You hit the orc warrior but do no damage.
You headbutt the orc warrior!
The orc warrior is heavily wounded.
You hit the ice beast.
The orc warrior hits you with a +0 battleaxe!
* * * LOW HITPOINT WARNING * * *
The ice beast hits you but does no damage.
You hit the orc warrior but do no damage.
You headbutt the orc warrior, but do no damage.
The orc warrior is heavily wounded.
You hit the ice beast.
The orc warrior hits you with a +0 battleaxe!
You die...

#.#.### #.###)#..######.#
.....# #........# #.#
.#.#.#)#)########.##..# #.#
......).?.........##..######.#
.#.#.#.##.................##.#
.>. #......))##...###.##.#
#.#.##........##...# #....#
#.........Y...##.#.# #....#
#####.....o@..#....# ##...#
##........#..### #...#
#........+.## #...#
#........#> #...# #........#
#...# ########## #####


You could see an orc warrior and an ice beast.

Vanquished Creatures
  Prince Ribbit (D:5)
  Sigmund (D:5)
  Menkaure (D:6)
  Duvessa (D:4)
  2 black bears
  2 ogres
  2 phantoms
  2 scorpions
  Dowan (D:4)
  5 hounds
  2 sleepcaps (D:4)
  2 jellies
  Ijyb (D:5)
  4 gnolls (D:4)
  8 adders
  An ufetubus (D:5)
  A worm (D:3)
  2 dart slugs
  16 orcs
  12 ball pythons
  3 endoplasms
  A giant cockroach (D:3)
  15 goblins
  7 hobgoblins
  2 jackals (D:2)
  2 quokkas
  8 bats
  A frilled lizard (D:3)
  3 kobolds
  6 rats (D:1)
115 creatures vanquished.

Notes
Turn   | Place    | Note
-------+----------+-------------------------------------------
     0 | D:1      | randomguy2701 the Minotaur Fighter began the quest for the
                  | Orb.
     0 | D:1      | Reached XP level 1. HP: 19/19 MP: 0/0
   165 | D:1      | Reached XP level 2. HP: 27/27 MP: 1/1
   752 | D:2      | Reached skill level 3 in Axes
   752 | D:2      | Reached XP level 3. HP: 33/33 MP: 2/2
  2304 | D:3      | Reached XP level 4. HP: 41/41 MP: 3/3
  2329 | D:3      | Noticed a phantom
  2340 | D:3      | Killed a phantom
  2341 | D:3      | Reached XP level 5. HP: 33/47 MP: 4/4
  2710 | D:4      | Noticed a black bear
  2720 | D:3      | Reached skill level 1 in Dodging
  2730 | D:3      | Killed a black bear
  2731 | D:3      | Reached skill level 4 in Axes
  2731 | D:3      | Reached skill level 5 in Armour
  2744 | D:4      | Reached skill level 5 in Fighting
  2752 | D:4      | Reached XP level 6. HP: 56/56 MP: 5/5
  2801 | D:4      | Found an ancient bone altar of Kikubaaqudgha.
  2803 | D:4      | Noticed Duvessa
  2805 | D:4      | Noticed Dowan
  2813 | D:4      | Killed Duvessa
  2816 | D:4      | Killed Dowan
  2817 | D:4      | Reached skill level 5 in Axes
  2854 | D:4      | Reached skill level 5 in Shields
  2911 | D:4      | Reached XP level 7. HP: 60/61 MP: 6/6
  3103 | D:4      | Found a shadowy altar of Dithmenos.
  3106 | D:4      | Found a hazy altar of Hepliaklqana.
  3239 | D:5      | Entered Level 5 of the Dungeon
  3260 | D:5      | Noticed Prince Ribbit
  3265 | D:5      | Killed Prince Ribbit
  3266 | D:5      | Reached skill level 6 in Axes
  3310 | D:5      | Reached XP level 8. HP: 67/69 MP: 7/7
  3317 | D:5      | Reached skill level 7 in Axes
  3325 | D:5      | Noticed Sigmund
  3467 | D:5      | Found a staircase to the Ecumenical Temple.
  3630 | D:5      | Noticed Ijyb
  3641 | D:5      | Killed Ijyb
  3646 | D:5      | Killed Sigmund
  3647 | D:5      | Reached skill level 8 in Axes
  3700 | D:5      | Found a hide-covered altar of Uskayaw.
  3853 | D:6      | Noticed Menkaure
  3856 | D:6      | Killed Menkaure
  3910 | D:6      | HP: 2/70 [orc warrior/+0 battleaxe (16)]
  3911 | D:6      | Mangled by an orc warrior

Illustrated notes

Levels and vault maps discovered:
D:1:      dpeg_arrival_subterranean_lakeside_camping, layout_loops_ring
D:2:      layout_basic
D:3:      layout_basic, corexii_hall_statues_t
D:4:      layout_rooms, mainiacjoe_overflow_tiny_flanked,
          nicolae_kikubaaqudgha_miasma_corner,
          grunt_dithmenos_smoke_and_mirrors, uniq_duvessa
D:5:      layout_basic, mainiacjoe_overflow_surrounded_room,
          minmay_temple_entry_fiery, st_stairs_9, minmay_holes,
          minmay_ogre_servants, uniq_ijyb, uniq_prince_ribbit1, uniq_sigmund
D:6:      layout_basic, general_overflow_altar, serial_shops,
          nicolae_shop_window_shopping, st_stairs_10, amcnicky_mini_pool_small,
          kb_lookout_dungeons_type, chequers_serial_rivers_room_b, uniq_menkaure

Skill      XL: |  1  2  3  4  5  6  7  8 |
---------------+-------------------------+-----
Armour         | 4 5 6 7 |  7.5
Shields        | 4 5 6 |  6.6
Fighting       | 4 5 6 |  6.1
Axes           | 3 4 5 6 8 |  8.9
Dodging        | 1 2 |  2.3
Stealth        | |  0.3

Action                     |  1- 3 |  4- 6 |  7- 9 || total
---------------------------+-------+-------+-------++-------
  Melee: War axe           |    96 |    65 |   106 ||   267
         Headbutt          |    10 |    10 |    21 ||    41
 Armour: Scale mail        |    57 |     3 |       ||    60
         Plate armour      |       |    51 |    72 ||   123
  Dodge: Dodged            |    44 |    25 |    34 ||   103
  Block: Buckler           |    16 |    23 |    41 ||    80

Table legend: (Time is in decaauts)
 A = Elapsed time spent in this place.
 B = Non-inter-level travel time spent in this place.
 C = Inter-level travel time spent in this place.
 D = Time resting spent in this place.
 E = Time spent auto-exploring this place.
 F = Levels seen in this place.
 G = Mean time per level.
                   A        B        C        D        E       F      G
               +--------+--------+--------+--------+--------+-----+--------+
         Total |   3989 |   3812 |    177 |      0 |   3176 |   6 |  664.8 |
       Dungeon |   3989 |   3812 |    177 |      0 |   3176 |   6 |  664.8 |
               +--------+--------+--------+--------+--------+-----+--------+

Top non-repeatable levels by time:
     D:2: 1164 daAuts
     D:3: 858 daAuts
     D:1: 754 daAuts
     D:5: 563 daAuts
     D:4: 544 daAuts
     D:6: 104 daAuts
